 Dungeon Crawl Stone Soup version 0.27-b1-41-gafb5482f4b (webtiles) character file.

Game seed: 15849701031720449119

97 vvl the Ruffian (level 4, -2/36 HPs)
             Began as a Draconian Transmuter on July 28, 2021.
             Slain by a hobgoblin (5 damage)
             ... led by Robin
             ... on level 3 of the Dungeon.
             The game lasted 00:03:08 (2201 turns).

vvl the Ruffian (Draconian Transmuter)              Turns: 2201, Time: 00:03:08

Health: -2/36      AC:  5    Str: 13    XL:     4   Next: 42%
Magic:  7/7        EV: 16    Int: 14    God:
Gold:   121        SH:  0    Dex: 11    Spells: 7/8 levels left

rFire    . . .     SeeInvis .   l - +1 dagger (holy)
rCold    . . .     Faith    .   (no shield)
rNeg     . . .     Spirit   .   (armour unavailable)
rPois    .         Reflect  .   (helmet restricted)
rElec    .         Harm     .   (no cloak)
rCorr    .         Rampage  .   (no gloves)
Will     .....                  (no boots)
Stlth    +.........             (no amulet)
HPRegen  0.12/turn              f - +4 ring of evasion
MPRegen  0.10/turn              (no ring)

@: flying
A: AC +5, unfitting armour, cold-blooded
a: no special abilities


You were on level 3 of the Dungeon.
You visited 1 branch of the dungeon, and saw 3 of its levels.

You collected 121 gold pieces.

Inventory:

Hand Weapons
 l - a +1 dagger of holy wrath (weapon)
Jewellery
 f - a +4 ring of evasion (left hand)
Wands
 h - a wand of paralysis (12)
Scrolls
 a - a scroll of teleportation {unknown}
 b - 3 scrolls of identify {unknown}
 c - a scroll of amnesia {unknown}
 e - a scroll of summoning {unknown}
 j - 2 scrolls of noise {unknown}
 k - a scroll of vulnerability {unknown}
Potions
 d - 2 potions of flight
 g - a potion of magic {unknown}
 i - a potion of curing {unknown}
 m - a potion of degeneration {unknown}


   Skills:
 + Level 1.9 Fighting
 + Level 2.2 Dodging
 + Level 3.3 Unarmed Combat
 + Level 2.5 Spellcasting
 * Level 3.1 Transmutations
 + Level 1.5 Invocations


You had 7 spell levels left.
You knew the following spells:

 Your Spells              Type           Power      Damage    Failure   Level
a - Beastly Appendage     Tmut           20%        N/A       6%          1

Your spell library contained the following spells:

 Spells                   Type           Power      Damage    Failure   Level
 Wereblood                Tmut           10%        N/A       10%         2
 Spider Form              Tmut/Pois      3%         N/A       34%         3
 Inner Flame              Hex/Fire       1%         N/A       56%         3
 Ice Form                 Ice/Tmut       6%         N/A       75%         4
 Cause Fear               Hex            0%         N/A       92%         4
 Discord                  Hex            0%         N/A       100%        8


Dungeon Overview and Level Annotations

Branches:
Dungeon (3/15)

Altars:
Makhleb
The Shining One

Annotations:
D:3 Robin


Innate Abilities, Weirdness & Mutations

Your plain brown scales are hard. (AC +5)
You cannot fit into any form of body armour.
You are cold-blooded and may be slowed by cold attacks.


Message History

Robin closely misses you.
You hit Robin. You tail-slap Robin.
Robin is heavily wounded.
The goblin no longer looks unusually strong.
The hobgoblin no longer looks unusually strong.
The hobgoblin completely misses you. The goblin closely misses you.
Robin roars a battlecry!
The goblins go into a battle-frenzy!
The hobgoblin barely misses you. The hobgoblin closely misses you.
Things that are here:
a +3 dagger; a goblin corpse You barely miss the goblin.
The goblin misses you. Robin hits you with a +0 trident.
The hobgoblin closely misses you. x2
You completely miss Robin.
Robin is moderately wounded.
The goblin closely misses you. Robin hits you with a +0 trident.
The hobgoblin misses you.
The hobgoblin hits you but does no damage.
You hit Robin but do no damage. You tail-slap Robin, but do no damage.
Robin is moderately wounded.
The goblin hits you with a +0 club. Robin misses you.
The hobgoblin hits you but does no damage.
The hobgoblin hits you.
The hobgoblin hits you but does no damage.
Robin hits you with a +0 trident.
* * * LOW HITPOINT WARNING * * *
The hobgoblin misses you.
The hobgoblin no longer looks unusually strong.
Robin throws the goblin at you!
* * * LOW HITPOINT WARNING * * *
You barely miss the goblin.
The goblin no longer looks unusually strong.
The goblin hits you but does no damage. The hobgoblin closely misses you.
Robin hits you from afar with a +0 trident.
* * * LOW HITPOINT WARNING * * *
It was a potion of flight.
You feel very buoyant.
You fly up into the air.
The goblin misses you. The hobgoblin hits you.
You die...

# .. .### ...
#.### # ## #...#
##### #. .
.#.###.#.# ##...##
#.###
.......#g###.###.#
####....
#.....)gg@g.# #.#
#.......
##.####g###.###.#
#.##..## #.#
##....## #.... ..#
#..#..# ##...
#######'###+###+
#### #..#.......#
# ###..#.......#
### #.+..'###+###+
+.. #.#..#.+...+.
##.


You could see Robin, 2 hobgoblins and 2 goblins.

Vanquished Creatures
  5 adders
  An adder skeleton (D:2)
  2 dart slugs
  4 bats
  4 endoplasms
  3 giant cockroaches
  9 goblins
  6 hobgoblins
  2 jackals (D:1)
  2 ball pythons
  3 frilled lizards (D:2)
  2 kobolds
43 creatures vanquished.

Notes
Turn   | Place    | Note
-------+----------+-------------------------------------------
     0 | D:1      | vvl the Draconian Transmuter began the quest for the Orb.
     0 | D:1      | Reached XP level 1. HP: 16/16 MP: 3/3
   243 | D:1      | Reached XP level 2. HP: 23/23 MP: 3/5
  1066 | D:2      | Reached skill level 1 in Invocations
  1066 | D:2      | Reached XP level 3. HP: 28/28 MP: 4/6
  1645 | D:2      | Found a faded altar of an unknown god.
  1695 | D:2      | Reached XP level 4. HP: 31/36 MP: 7/7
  1954 | D:3      | Found a burning altar of Makhleb.
  2126 | D:3      | Found a glowing golden altar of the Shining One.
  2177 | D:3      | Noticed Robin
  2201 | D:3      | Slain by a hobgoblin

Illustrated notes

Levels and vault maps discovered:
D:1:      minmay_arrival_stone_box, layout_loops_corners
D:2:      layout_loops_ring, basic_ecumenical_altar
D:3:      layout_loops_corners, amcnicky_altar_gilded,
          nemelex_spade_bored_becter, mainiacjoe_overflow_24_doors,
          nicolae_sif_muna_little_library, uniq_robin, uniq_sigmund

Skill      XL: |  1  2  3 |
---------------+----------+-----
Dodging        | 2 |  2.2
Invocations    | 1 |  1.5
Transmutations | 3 |  3.1
Fighting       | |  1.9
Unarmed Combat | |  3.3
Spellcasting   | |  2.5

Action                   |  1- 3 |  4- 6 || total
-------------------------+-------+-------++-------
Melee: Unarmed           |    60 |       ||    60
       Kick              |     9 |     6 ||    15
       Headbutt          |     7 |     4 ||    11
       Tailslap          |    10 |     5 ||    15
       Dagger            |    24 |    30 ||    54
       Short sword       |    13 |       ||    13
       Punch             |     1 |       ||     1
 Cast: Beastly Appendage |    21 |     7 ||    28
  Use: Potion            |       |     1 ||     1
Armor: Skin              |    30 |    11 ||    41
Dodge: Dodged            |    56 |    43 ||    99
